 Dungeon Crawl Stone Soup version 0.31-a0-844-gdc52ec4e09 (webtiles) character file.

Game seed: 2063310502447954347

1141 LeprechaunX the Changeling (level 8, -2/50 (54) HPs)
             Began as an Octopode Shapeshifter on Sept 29, 2023.
             Was an Initiate of Hepliaklqana.
             Slain by a wight
             ... wielding a +4 morningstar of freezing
              (9 damage)
             ... on level 6 of the Dungeon.
             The game lasted 00:06:08 (5132 turns).

LeprechaunX the Changeling (Octopode Shapeshifter)  Turns: 5132, Time: 00:06:10

HP:   -2/50 (54)    AC:  1    Str: 16    XL:     8   Next: 37%
MP:   17/17         EV: 14    Int: 12    God:    Hepliaklqana [......]
Gold: 372           SH:  0    Dex: 11    Spells: 7/7 levels left

rFire   . .          .
                       - Unarmed
rCold   . . .        (no shield)
rNeg    . . .        (helmet currently unavailable)
rPois   .            x - amulet of regeneration
rElec   .            j - ring of magical power
rCorr   +            y - ring of resist corrosion
SInv    .            (no ring)
Will    .....        (no ring)
Stlth   ++           (no ring)
HPRegen 1.08/turn    (no ring)
MPRegen 0.15/turn    (no ring)
                     (no ring)

%: no passive effects
@: brilliant, beast-form, slowed, drained, very slow
A: beast (slay +3), almost no armour, amphibious, 8 rings, camouflage 1,
gelatinous body 1, (nimble swimmer 1), tentacles
a: Begin Untransformation, Renounce Religion


You were on level 6 of the Dungeon.
You worshipped Hepliaklqana.
Hepliaklqana was noncommittal.
You were a hulking beast.
You visited 2 branches of the dungeon, and saw 7 of its levels.

You collected 372 gold pieces.

Inventory:

Hand Weapons
 a - a +0 sling
Missiles
 o - 2 darts of dispersal (quivered)
Jewellery
 j - a ring of magical power (left tentacle)
 x - an amulet of regeneration (around mantle)
 y - a ring of resist corrosion (right tentacle)
Talismans
 b - a beast talisman (active)
 c - a flux talisman
Wands
 l - a wand of roots (12)
 w - a wand of digging (4)
Scrolls
 d - a scroll of fog {unknown}
 e - 7 scrolls of identify {unknown}
 g - 2 scrolls of fear {unknown}
 h - 3 scrolls of enchant weapon {unknown}
 i - 2 scrolls of amnesia {unknown}
 n - 2 scrolls of teleportation {unknown}
 q - 3 scrolls of revelation {unknown}
 r - a scroll of vulnerability {unknown}
 t - 2 scrolls of torment {unknown}
 u - a scroll of butterflies {unknown}
Potions
 f - a potion of degeneration {unknown}
 k - a potion of might {unknown}
 m - a potion of curing
 p - 2 potions of heal wounds {unknown}
 s - 2 potions of brilliance
 v - a potion of haste {unknown}
 z - a potion of enlightenment {unknown}
 A - a potion of magic {unknown}


   Skills:
 + Level 4.2 Fighting
 + Level 4.7 Dodging
 + Level 5.2 Unarmed Combat
 * Level 6.3 Shapeshifting


You had 7 spell levels left.
You didn't know any spells.
Your spell library was empty.

Dungeon Overview and Level Annotations

Branches:
Dungeon (6/15)             Temple (1/1) D:4

Altars:
Dithmenos
Fedhas
Gozag
Hepliaklqana
Makhleb
Okawaru
Qazlal
Ru
Sif Muna
Wu Jian

Shops:
D:1 *   D:3 (


Innate Abilities, Weirdness & Mutations

You are a hulking beast.
Your limbs bulge with bestial killing power. (Slay +3)
You cannot wear most types of armour.
You are amphibious.
You can wear up to eight rings at the same time.
Your skin changes colour to match your surroundings (Stealth+).
Your rubbery body absorbs attacks. (AC +1, EV +1)
((You are camouflaged when in or above water. (Stealth+)))
You have tentacles for arms and can constrict up to eight enemies at once.


Message History

You tentacle-slap the kobold brigand. x2
The kobold brigand is almost dead.
You constrict the kobold brigand.
You kill the kobold brigand!
The orc barely misses you.
The orc hits you from afar with a +0 trident!
* * * LOW HITPOINT WARNING * * *
The orc attacks as it pursues you! The orc misses you.
It was a potion of brilliance.
You feel clever all of a sudden. The orc closely misses you. x2
Unknown command.
The orc barely misses you.
You tentacle-slap the orc. Your grab misses the orc. You squeeze the orc.
You kill the orc!
The kobold throws a stone.
The stone barely misses you.
Unknown command.
The kobold throws a stone.
The stone hits you.
Found a dagger.
The kobold throws a stone.
The stone hits you. The kobold attacks as it pursues you!
The kobold misses you.
You see here a +0 dagger.
The kobold hits you with a +0 dagger.
The kobold throws a stone.
The stone hits you but does no damage.
The kobold throws a stone.
The stone barely misses you.
The kobold throws a stone.
The stone barely misses you.
The kobold throws a stone.
The stone closely misses you. The kobold hits you with a +0 dagger.
The kobold hits you but does no damage.
You tentacle-slap the kobold.
You kill the kobold!
The wight closely misses you.
You closely miss the wight. You grab the wight. You constrict the wight.
The wight hits you with a +2 long sword.
You feel drained.
You bludgeon the wight! You squeeze the wight.
You destroy the wight!
The wight hits you with a +4 morningstar of freezing!!
You feel drained.
* * * LOW HITPOINT WARNING * * *
The wight freezes you!
You die...

#.#
#..........
#)#
#o.........
#.#
#..........
#.#
#..........
#.#
#..........
#z#
#..........
#z# ......K
#z# .......
#h# .......
#.# ......K
#........
.......
########.
.......
.P♣♣♣P.
...$ ♣.♣♣.
P. ♣♣ b ♣


You could see 3 wights.

Vanquished Creatures
  A water moccasin (D:6)
  2 ice beasts
  A black bear (D:5)
  A kobold brigand (D:6)
  A phantom (D:5)
  A wight (D:6)
  A howler monkey (D:5)
  2 hounds (D:5)
  3 orc priests
  Ijyb (D:5)
  3 iguanas (D:4)
  2 orc wizards (D:4)
  Robin (D:5)
  3 gnolls (D:5)
  10 adders
  An ufetubus (D:5)
  A worm (D:3)
  3 dart slugs
  14 orcs
  6 ball pythons
  5 bats
  11 endoplasms
  5 giant cockroaches
  10 goblins
  7 hobgoblins
  5 jackals
  A quokka (D:1)
  11 frilled lizards
  8 kobolds
  3 rats
124 creatures vanquished.

Vanquished Creatures (others)
  An orc wizard (D:4)
1 creature vanquished.

Grand Total: 125 creatures vanquished

Notes
Turn   | Place    | Note
-------+----------+-------------------------------------------
     0 | D:1      | LeprechaunX the Octopode Shapeshifter began the quest for
                  | the Orb.
     0 | D:1      | Reached XP level 1. HP: 13/13 MP: 1/1
   219 | D:1      | Found Zadyma's Assorted Antiques.
   279 | D:1      | Reached XP level 2. HP: 18/18 MP: 2/2
   797 | D:2      | Reached XP level 3. HP: 23/23 MP: 2/3
  1110 | D:2      | Reached XP level 4. HP: 21/29 MP: 4/4
  1829 | D:3      | Reached skill level 4 in Shapeshifting
  1829 | D:3      | Reached XP level 5. HP: 23/34 MP: 5/5
  2079 | D:3      | Found Zicsuad's Antique Weapon Shoppe.
  2278 | D:3      | Found a stormy altar of Qazlal.
  2278 | D:3      | Found a blossoming altar of Fedhas.
  2323 | D:3      | Found an iron altar of Okawaru.
  2627 | D:4      | Found a staircase to the Ecumenical Temple.
  2643 | Temple   | Entered the Ecumenical Temple
  2656 | Temple   | Became a worshipper of Hepliaklqana the Forgotten
  2843 | D:4      | Reached XP level 6. HP: 8/41 MP: 6/6
  2994 | D:4      | Noticed an ice beast
  3004 | D:4      | Killed an ice beast
  3283 | D:5      | Entered Level 5 of the Dungeon
  3456 | D:5      | Noticed a black bear
  3462 | D:5      | Noticed an ice beast
  3465 | D:5      | Killed a black bear
  3466 | D:5      | Reached skill level 5 in Shapeshifting
  3466 | D:5      | Reached XP level 7. HP: 23/46 MP: 7/7
  3739 | D:5      | Noticed Ijyb
  3752 | D:5      | Noticed Robin
  3761 | D:5      | Killed Robin
  3782 | D:5      | Killed Ijyb
  4468 | D:4      | Reached XP level 8. HP: 45/54 MP: 8/8
  4578 | D:5      | Reached skill level 5 in Unarmed Combat
  4613 | D:5      | Reached skill level 6 in Shapeshifting
  5132 | D:6      | Slain by a wight

Illustrated notes

Levels and vault maps discovered:
D:1:      matt_arrival_grand_opening, layout_loops_cross, serial_shops, shop
D:2:      layout_loops_ring, minmay_fractal_squares_5
D:3:      layout_rooms, grunt_temple_overflow_forces_of_nature,
          overflow_temple_1_default, serial_shops,
          nicolae_shop_pleasant_corner_grove, minmay_pentangle
D:4:      layout_basic, temple_fountains
D:5:      layout_gridville, nicolae_goblin_pals
D:6:      layout_basic, nicolae_elyvilon_peaceful_grove,
          small_statue_intersection, kennysheep_generic_room_16, uniq_grinder
Temple:   nicolae_temple_great_sept

Skill      XL: |  1  2  3  4  5  6  7  8 |
---------------+-------------------------+-----
Fighting       | 2 3 4 |  4.2
Shapeshifting  | 4 5 6 |  6.3
Dodging        | 3 4 |  4.7
Unarmed Combat | 4 5 |  5.2

Action                     |  1- 3 |  4- 6 |  7- 9 || total
---------------------------+-------+-------+-------++-------
  Melee: Unarmed           |    45 |   118 |    89 ||   252
         Tentacles         |     9 |    20 |    21 ||    50
         Constrict         |     9 |    24 |    20 ||    53
         Punch             |     4 |     5 |     4 ||    13
   Fire: Sling             |       |     2 |    29 ||    31
  Throw: Dart              |       |       |     4 ||     4
    Use: Potion            |       |       |     3 ||     3
   Stab: Sleeping          |     6 |     3 |     2 ||    11
 Armour: Skin              |    11 |    44 |    64 ||   119
  Dodge: Dodged            |    21 |    61 |    54 ||   136

Table legend: (Time is in decaauts)
 A = Elapsed time spent in this place.
 B = Non-inter-level travel time spent in this place.
 C = Inter-level travel time spent in this place.
 D = Time resting spent in this place.
 E = Time spent auto-exploring this place.
 F = Levels seen in this place.
 G = Mean time per level.
                   A        B        C        D        E       F      G
               +--------+--------+--------+--------+--------+-----+--------+
         Total |   5134 |   4817 |    317 |    478 |   3512 |   7 |  733.4 |
       Dungeon |   5109 |   4792 |    317 |    478 |   3512 |   6 |  851.5 |
        Temple |     24 |     24 |      0 |      0 |      0 |   1 |   24.0 |
               +--------+--------+--------+--------+--------+-----+--------+

Top non-repeatable levels by time:
     D:4: 1376 daAuts
     D:5: 1198 daAuts
     D:2: 910 daAuts
     D:3: 864 daAuts
     D:1: 695 daAuts
     D:6: 65 daAuts
  Temple: 24 daAuts
